 Dungeon Crawl Stone Soup version 0.19-a0-944-gb338e1e (webtiles) character file.

1348 mistymad the Archer (level 8, -3/69 (70) HPs)
             Began as a Centaur Hunter on July 9, 2016.
             Was an Initiate of Fedhas.
             Slain by a wolf (6 damage)
             ... led by Grum
             ... on level 7 of the Dungeon.
             The game lasted 00:21:31 (8519 turns).

mistymad the Archer (Centaur Hunter)                Turns: 8519, Time: 00:21:33

HP:   -3/69 (70)    AC:  9    Str: 16    XL:     8   Next: 36%
MP:   8/8           EV:  4    Int: 12    God:    Fedhas [......]
Gold: 98            SH:  0    Dex: 11    Spells: 0 memorised, 7 levels left

rFire  . . .     SeeInvis .     n - +2 quarterstaff (crush)
rCold  . . .     Gourm    +     w - +2 chain mail "Mog Kaor" {+Inv Int+2}
rNeg   . . .     Faith    .     (shield currently unavailable)
rPois  .         Spirit   .     (no helmet)
rElec  .         Dismiss  .     (no cloak)
rCorr  .         Reflect  .     (no gloves)
SustAt .         Harm     .     (no barding)
MR     .....                    t - amulet of the gourmand
Stlth  ..........               (no ring)
                                (no ring)

@: very quick, not resistant to hostile enchantments, extremely unstealthy
A: hooves 3, deformed body, speed 2, tough skin 3
a: Renounce Religion, Evoke Invisibility


You were on level 7 of the Dungeon.
You worshipped Fedhas.
Fedhas was noncommittal.
You were completely stuffed.

You visited 2 branches of the dungeon, and saw 9 of its levels.

You collected 356 gold pieces.
You spent 258 gold pieces at shops.

Inventory:

Hand Weapons
 a - a +1 shortbow
 n - a +2 quarterstaff of crushing (weapon)
Missiles
 d - 91 arrows
Armour
 b - a +4 ring mail of positive energy
 w - the +2 chain mail "Mog Kaor" (worn) {+Inv Int+2}
   (You bought it in a shop on level 5 of the Dungeon)

   It affects your intelligence (+2).
   It lets you turn invisible.
Jewellery
 t - an amulet of the gourmand (around neck)
 x - a +5 amulet of reflection
Wands
 y - a wand of disintegration (13/24)
Scrolls
 e - a scroll of remove curse
 h - a scroll of recharging
 r - a scroll of magic mapping
 u - 2 scrolls of teleportation
Potions
 c - 2 potions of berserk rage
 i - a potion of might
 j - a potion of brilliance
 l - 2 potions of mutation {unknown}
 m - 2 potions of lignification {unknown}
 o - 5 potions of curing {unknown}
 p - a potion of cancellation {unknown}
 s - 3 potions of degeneration {unknown}
 v - a potion of ambrosia {unknown}
Books
 q - a book of the Earth

   Spells                             Type                      Level
   a - Leda's Liquefaction            Hexes/Earth                  4
   b - Bolt of Magma                  Conjuration/Fire/Earth       5
   c - Statue Form                    Transmutation/Earth          6
   d - Iron Shot                      Conjuration/Earth            6
   e - Shatter                        Earth                        9
Comestibles
 f - 3 bread rations
 g - a royal jelly
 k - 3 meat rations
 z - 3 fruits
 A - 2 chunks of flesh


   Skills:
 + Level 5.8 Fighting
 + Level 3.4 Staves
 + Level 9.0 Bows
 - Level 1.5 Dodging
 + Level 3.8 Stealth


You had 7 spell levels left.
You didn't know any spells.

Dungeon Overview and Level Annotations

Branches:
Dungeon (8/15)             Temple (1/1) D:7
   Lair: D:8-11

Altars:
Ashenzari
Cheibriados
Dithmenos
Elyvilon
Fedhas
Gozag
Hepliaklqana
Kikubaaqudgha
Makhleb
Nemelex Xobeh
Okawaru
Pakellas
Qazlal
Ru
Sif Muna
Trog
Uskayaw
Vehumet
Xom
Yredelemnul
Zin
The Shining One

Shops:
D:4 =}?   D:5 [:   D:7 *

Annotations:
D:7 tstbtto's ghost, novice MiFi
D:8 Grum; tstbtto's ghost, novice MiFi


Innate Abilities, Weirdness & Mutations

You have hooves in place of feet.
Armour fits poorly on your strangely shaped body.
You cover ground very quickly.
You have extremely tough skin. (AC +3)


Message History

You completely miss the wolf. The wolf barely misses you. x2
Unknown command.
You hit the wolf. Your kick misses the wolf.
The wolf is moderately wounded.
The wolf bites you.
* * * LOW HITPOINT WARNING * * *
The wolf completely misses you.
You take 3 damage, and have 6/69 hp.
Unknown command.
You miss the wolf.
The wolf is moderately wounded.
The wolf bites you but does no damage. x2
Unknown command.
You hit the wolf. Your kick misses the wolf.
The wolf is heavily wounded.
The wolf bites you.
* * * LOW HITPOINT WARNING * * *
The wolf bites you.
You die...
Fedhas appreciates your contribution to the ecosystem.

# #.# ##..#∩#...# # ###.###
#..###...# # #.....#
#......#.# #######.....#
#......#.##### (#....#.....#
######......<#
.#....###'###########.#.#####
......###.............#.#
#.(...##..)#########..#.#
...........'...h@# #..#.#
#......#...##.#### #..#.#
#......######.######..#.#
#..##..<>.(.#.........#.#
............#######.###.#
##.>........# #.....#
###.........# #######
............# .###.#.######


You could see a wolf.

Vanquished Creatures
  Sigmund (D:2)
  A necrophage (D:6)
  A big kobold (D:7)
  A giant frog (D:6)
  3 howler monkeys
  4 crimson imps
  2 centaur zombies (D:6)
  2 hounds
  4 orc wizards
  A giant frog zombie (D:5)
  Jessica (D:2)
  5 iguanas
  A worker ant (D:4)
  A hound skeleton (D:4)
  4 adders
  5 gnolls
  A shadow imp (D:5)
  An ooze (D:2)
  2 adder skeletons
  2 worms (D:3)
  3 dart slugs
  6 giant geckos
  24 orcs
  12 bats
  8 giant cockroaches
  3 goblins (D:2)
  7 hobgoblins
  23 jackals
  16 kobolds
  3 quokkas
  2 ball pythons
  6 giant newts
  A jackal skeleton (D:4)
  A quokka zombie (D:5)
  10 rats
168 creatures vanquished.

Vanquished Creatures (others)
  A plant (D:1)
  7 toadstools
8 creatures vanquished.

Grand Total: 176 creatures vanquished

Notes
Turn   | Place    | Note
-------+----------+-------------------------------------------
     0 | D:1      | mistymad the Centaur Hunter began the quest for the Orb.
     0 | D:1      | Reached XP level 1. HP: 17/17 MP: 1/1
    88 | D:1      | Reached XP level 2. HP: 7/24 MP: 2/2
   427 | D:1      | Reached skill level 1 in Stealth
   625 | D:1      | Reached XP level 3. HP: 12/30 MP: 3/3
  1705 | D:2      | Reached skill level 6 in Bows
  1760 | D:2      | Noticed Sigmund
  1774 | D:2      | Reached XP level 4. HP: 13/38 MP: 4/4
  1777 | D:2      | Killed Sigmund
  1777 | D:2      | Reached XP level 5. HP: 9/46 MP: 5/5
  2201 | D:2      | Found an iron altar of Okawaru.
  2627 | D:2      | Noticed Jessica
  2634 | D:2      | Killed Jessica
  2634 | D:2      | Reached skill level 7 in Bows
  2634 | D:2      | Reached XP level 6. HP: 52/52 MP: 6/6
  3207 | D:3      | Found a hazy altar of Hepliaklqana.
  3224 | D:3      | Found a glowing golden altar of the Shining One.
  3225 | D:3      | Found a burning altar of Makhleb.
  3227 | D:3      | Found a sacrificial altar of Ru.
  3229 | D:3      | Found a hide-covered altar of Uskayaw.
  3230 | D:3      | Found a bloodstained altar of Trog.
  3397 | D:3      | Found a faded altar of an unknown god.
  3760 | D:4      | Found Wofez's Magic Scroll Shoppe.
  3769 | D:4      | Reached skill level 1 in Staves
  4613 | D:4      | Reached XP level 7. HP: 60/60 MP: 7/7
  4623 | D:4      | Found Acafut's Gadget Shop.
  4629 | D:4      | Found Sylida's Jewellery Shop.
  5047 | D:5      | Entered Level 5 of the Dungeon
  5445 | D:5      | Found Byutuzat's Antique Armour Emporium.
  5459 | D:5      | Bought a bloodstained chain mail for 228 gold pieces
  5500 | D:4      | Bought a scroll of remove curse for 30 gold pieces
  5513 | D:4      | Identified the +2 chain mail "Mog Kaor" {+Inv Int+2} (You bought it in a shop on level 5 of the Dungeon)
  5748 | D:5      | Reached skill level 8 in Bows
  5959 | D:5      | Found Lyqatim's Book Boutique.
  6538 | D:6      | Reached skill level 5 in Fighting
  6957 | D:6      | Reached XP level 8. HP: 42/67 MP: 8/8
  7277 | D:7      | Found a staircase to the Ecumenical Temple.
  7404 | Temple   | Entered the Ecumenical Temple
  7465 | Temple   | Became a worshipper of Fedhas Madash
  7477 | D:7      | Noticed tstbtto's ghost (novice MiFi)
  7612 | D:7      | Found Soninn's Assorted Antiques.
  7724 | D:7      | Got a slimy shield
  8213 | D:7      | Reached skill level 9 in Bows
  8472 | D:8      | Noticed tstbtto's ghost (novice MiFi)
  8504 | D:8      | Noticed Grum
  8519 | D:7      | HP: 3/69 [wolf[Grum] (4)]
  8519 | D:7      | Slain by a wolf

Vault maps used:
D:1:      ldierk_walled_garden_2, lexackson_kobold_supper
D:2:      first_bread, okawaru_altar_gauntlet_db, uniq_sigmund, uniq_jessica
D:3:      minitemple, ecumenical_altar_1
D:4:      serial_shops, shop, nicolae_shop_behind_doors, nicolae_shop_crystal
D:5:      serial_shops, nicolae_shop_statue_plus, kennysheep_mini
D:7:      serial_shops, kennysheep_mini_moat
D:8:      uniq_joseph, uniq_grum, uniq_erica
Temple:   nicolae_temple_x_marks_the_god

Skill      XL: |  1  2  3  4  5  6  7  8 |
---------------+-------------------------+-----
Stealth        | 1 2 3 |  3.8
Fighting       | 3 4 5 |  5.8
Bows           | 6 7 8 9 |  9.0
Staves         | 1 2 3 |  3.4
Dodging        | |  1.5

Action                   |  1- 3 |  4- 6 |  7- 9 || total
-------------------------+-------+-------+-------++-------
Melee: Short sword       |   207 |    34 |       ||   241
       Kick              |    39 |    33 |    53 ||   125
       Quarterstaff      |       |   138 |   237 ||   375
 Fire: Shortbow          |    13 |    25 |    17 ||    55
  Use: Scroll            |       |     8 |     5 ||    13
  Eat: Chunk             |     2 |     7 |    20 ||    29
Armor: Leather armour    |   121 |    16 |    15 ||   152
       Robe              |       |    15 |       ||    15
       Ring mail         |       |    37 |       ||    37
       Chain mail        |       |       |   139 ||   139
Dodge: Dodged            |   132 |   103 |    54 ||   289
